 Dungeon Crawl Stone Soup version 0.29-a0-322-g68df515428 (webtiles) character file.

Game seed: 8498874259055652814

4140 spiderkeys the Nimble (level 10, -2/53 HPs)
             Began as a Spriggan Abyssal Knight on Apr 7, 2022.
             Was a High Priest of Lugonu.
             Slain by a troll (3 damage)
             ... on level 7 of the Dungeon.
             The game lasted 00:20:21 (9717 turns).

spiderkeys the Nimble (Spriggan Abyssal Knight)     Turns: 9717, Time: 00:20:22

Health: -2/53      AC:  2    Str:  9    XL:     10   Next: 7%
Magic:  14/14      EV: 24    Int: 14    God:    Lugonu [*****.]
Gold:   258        SH:  0    Dex: 18    Spells: 9/11 levels left

rFire   . . .      SeeInvis +   a - +2 quick blade (elec) {rare}
rCold   . . .      Faith    .   (no shield)
rNeg    . . .      Spirit   .   k - +0 robe
rPois   .          Reflect  .   (helmet restricted)
rElec   .          Harm     .   (no cloak)
rCorr   .          Rampage  .   (gloves unavailable)
Will    +....                   (boots unavailable)
Stlth   ++........              (no amulet)
HPRegen 0.17/turn               (no ring)
MPRegen 0.14/turn               (no ring)

@: very quick
A: very small, no large weapons, unfitting armour, see invisible, speed 3
a: Renounce Religion, Depart the Abyss, Bend Space, Banish, Corrupt, Enter the
Abyss


You were on level 7 of the Dungeon.
You worshipped Lugonu.
Lugonu was extremely pleased with you.
You visited 1 branch of the dungeon, and saw 7 of its levels.
You visited the Abyss 1 time.
You also visited: Sewer and Ossuary.

You collected 258 gold pieces.


Innate Abilities, Weirdness & Mutations

You are very small and have problems with some larger weapons.
You are too small for most types of armour.
You have supernaturally acute eyesight. (SInv)
You cover ground extremely quickly. (Speed+++)


   Skills:
 + Level 6.6 Fighting
 - Level 2.6 Short Blades
 + Level 8.6 Slings
 + Level 10.1 Dodging
 + Level 1.3 Spellcasting
 + Level 1.3 Hexes
 - Level 5.0 Invocations
 - Level 6.0 Evocations


You had 9 spell levels left.
You knew the following spells:

 Your Spells              Type           Power      Damage    Failure   Level
e - Ensorcelled Hibernat  Hex/Ice        4%         N/A       30%         2

Your spell library contained the following spells:

 Spells                   Type           Power      Damage    Failure   Level
 Animate Skeleton         Necr           0%         N/A       26%         1
 Pain                     Necr           0%         1d4       26%         1
 Sandblast                Erth           0%         2d4       26%         1
 Passwall                 Tmut/Erth      0%         N/A       36%         2
 Portal Projectile        Hex/Tloc       4%         N/A       52%         3
 Call Canine Familiar     Summ           0%         N/A       58%         3
 Stone Arrow              Conj/Erth      0%         3d7       58%         3
 Swiftness                Air            0%         N/A       58%         3
 Vampiric Draining        Necr           0%         2d6       58%         3
 Leda's Liquefaction      Hex/Erth       1%         N/A       89%         4
 Summon Ice Beast         Ice/Summ       0%         N/A       94%         4
 Summon Mana Viper        Hex/Summ       2%         N/A       99%         5
 Monstrous Menagerie      Summ           0%         N/A       100%        7

Inventory:

Hand Weapons
 a - a +2 quick blade of electrocution (weapon) {rare}
   (You found it on level 2 of the Dungeon)
 b - the +6 hunting sling of the Apocalypse {flame, rPois rF+ Int+3}
   (You found it on level 2 of the Dungeon)

   Any ammunition fired from it burns those it strikes, dealing additional fire
   damage.
   Int:       It affects your intelligence (+3).
   rF:        It protects you from fire.
   rPois:     It protects you from poison.
Missiles
 f - 178 stones
 g - 8 boomerangs
 w - 4 curare-tipped darts {=f}
 S - a silver boomerang
Armour
 k - a +0 robe (worn)
Jewellery
 F - a ring of fire
   (You found it on level 2 of the Dungeon)
Wands
 j - a wand of polymorph (7)
   (You found it on level 6 of the Dungeon)
 t - a wand of flame (5)
   (You found it on level 6 of the Dungeon)
 x - a wand of acid (19)
   (You found it on level 4 of the Dungeon)
 G - a wand of digging (7)
   (You found it in an ossuary)
 P - a wand of paralysis (12)
   (You found it on level 5 of the Dungeon)
Scrolls
 e - 2 scrolls of immolation {!r!r}
 h - 2 scrolls of magic mapping {!r}
 i - 2 scrolls of fog
 l - 4 scrolls of teleportation {@r4}
 n - a scroll of brand weapon
 D - a scroll of fear
 H - a scroll of amnesia
Potions
 c - a potion of lignification {unknown}
 d - a potion of berserk rage {!q}
 m - 4 potions of might {unknown}
 p - 5 potions of invisibility {unknown}
 r - 3 potions of heal wounds {unknown}
 s - 3 potions of curing {unknown}
 u - 2 potions of cancellation {unknown}
 z - a potion of mutation {unknown}
 A - 2 potions of degeneration {unknown}
 B - 2 potions of haste {unknown}
 C - 3 potions of brilliance {unknown}
 E - a potion of flight {unknown}
 Q - a potion of attraction {unknown}
 T - a potion of magic {unknown}

Dungeon Overview and Level Annotations

Branches:
Dungeon (7/15)             Temple (0/1) D:6           Sewer (visited)
Ossuary (visited)

Altars:
Hepliaklqana
Kikubaaqudgha
Makhleb
Ru
Trog
Uskayaw
Vehumet

Shops:
D:5

( .# #.# ##.#
...# #..# #..#
.#######..#
......T@..#
.########.###.#..
#...<...........
#..#.#.#[###.#..
#....#.#.#
##.###.#.# ...
..#.# ... ....#
.... ......


You could see a troll.


Message History

You shoot a sling bullet. The sling bullet hits the worm.
The sling bullet burns the worm.
You shoot a sling bullet. The sling bullet hits the worm!
The sling bullet burns the worm.
You shoot a sling bullet. The sling bullet hits the worm!
The sling bullet burns the worm.
You kill the worm!
Lugonu accepts your kill.
No target in view!
No target in view!
You enter the shallow water.
Moving in this stuff is going to be slow.
Key pressed, stopping explore.
An adder and a river rat come into view.
There are monsters nearby!
You shoot a sling bullet. The sling bullet hits the adder.
The sling bullet burns the adder.
The adder hisses angrily.
You shoot a sling bullet. The sling bullet hits the adder.
The sling bullet burns the adder.
The adder barely misses you. The adder misses you.
You shoot a sling bullet.
The sling bullet barely misses the adder.
The adder closely misses you.
You shoot a sling bullet. The sling bullet hits the adder.
The sling bullet burns the adder.
You kill the adder!
Lugonu accepts your kill.
You shoot a sling bullet. The sling bullet hits the river rat.
The sling bullet burns the river rat.
The river rat bites you. 😕 HP[-5]
You take 5 damage, and now have 48/53 hp.
You shoot a sling bullet. The sling bullet hits the river rat.
The sling bullet burns the river rat.
The river rat bites you. 😕 HP[-1]
You take 1 damage, and now have 47/53 hp.
You shoot a sling bullet.
The sling bullet closely misses the river rat.
The river rat closely misses you.
You shoot a sling bullet. The sling bullet hits the river rat.
The sling bullet burns the river rat.
You kill the river rat!
Lugonu accepts your kill.
Training target 6.0 for Evocations reached!
Your Evocations skill increases to level 6!
Done exploring. 😎 HP[+6]
Your hp is fully restored (53).
Done exploring.
Done exploring.
Things that are here:
a +0 trident; a +0 plate armour; a +0 short sword
Things that are here:
a +0 chain mail; a +0 trident You see here a +0 short sword.
There is a staircase to the Ecumenical Temple here.
There is an open door here.
There is a stone staircase leading down here.
You climb downwards.
There is a stone staircase leading up here.
You shoot a sling bullet. The sling bullet hits the ice beast.
The sling bullet melts the ice beast.
You shoot a sling bullet. The sling bullet hits the ice beast!
The sling bullet melts the ice beast.
The +6 hunting sling of the Apocalypse {flame, rPois rF+ Int+3} stops flaming.
You hear the crackle of electricity.
a - a +2 quick blade of electrocution (weapon)
{rare} You hit the ice beast.
The ice beast completely misses you.
You hit the ice beast but do no damage.
Lightning courses through the ice beast!!
You kill the ice beast!
Lugonu accepts your kill.
A troll comes into view.
The troll shouts!
You barely miss the troll. You barely miss the troll. The troll bites you!
The troll barely misses you. The troll claws you. 😮 HP[-15]
You take 15 damage, and now have 38/53 hp.
MASSIVE DAMAGE!! (PAUSE)
You hit the troll but do no damage. Lightning courses through the troll!
You hit the troll but do no damage. The troll misses you. x2
The troll closely misses you.
You hit the troll. You completely miss the troll.
The troll completely misses you. The troll closely misses you.
The troll claws you! 😮 HP[-9]
You take 9 damage, and now have 29/53 hp.
You hit the troll but do no damage. The troll closely misses you. x2
The troll claws you!
* * * LOW HITPOINT WARNING * * *
😨 HP[-7]
You take 7 damage, and now have 22/53 hp.
You hit the troll. You hit the troll but do no damage. The troll bites you!
* * * LOW HITPOINT WARNING * * *
The troll claws you!
* * * LOW HITPOINT WARNING * * *
The troll claws you.
You die...

Skill      XL: |  1  2  3  4  5  6  7  8  9 10 |
---------------+-------------------------------+-----
Invocations    | 2 3 5 |  5.0
Dodging        | 4 5 6 7 8 10 | 10.1
Slings         | 1 2 3 4 5 7 8 |  8.6
Fighting       | 3 4 5 6 |  6.6
Evocations     | 3 5 6 |  6.0
Spellcasting   | 1 |  1.3
Hexes          | 1 |  1.3
Short Blades   | |  2.6

Action                   |  1- 3 |  4- 6 |  7- 9 | 10-12 || total
-------------------------+-------+-------+-------+-------++-------
Melee: Short sword       |    76 |       |       |       ||    76
       Quick blade       |       |       |       |    11 ||    11
 Fire: Hunting sling     |    25 |   107 |   374 |    32 ||   538
Invok: Bend Space        |       |       |     1 |       ||     1
Evoke: Wand              |       |       |     4 |       ||     4
  Use: Scroll            |     1 |     1 |    11 |       ||    13
 Stab: Sleeping          |     3 |       |       |       ||     3
Armor: Robe              |    13 |     5 |     5 |       ||    23
Dodge: Dodged            |    69 |    31 |   121 |    19 ||   240

Levels and vault maps discovered:
D:1:      minmay_arrival_widening_spiral_wide, layout_basic
D:2:      layout_loops_corners, basic_altar, mrwooster_statue_mirror
D:3:      minmay_chambers_of_twos, layout_loops_corners, amcnicky_altar_gilded,
          overflow_temple_1_default, vehumet_statue, grunt_decor_junction
D:4:      layout_loops_ring, mainiacjoe_overflow_alcove_1,
          mainiacjoe_overflow_tiny_flanked, lightli_ossuary_entry_decrepit_ruins
D:5:      layout_basic, serial_shops, shop, corexii_leaking_fountain
D:6:      minmay_diamond_boxcup, layout_basic, mainiacjoe_overflow_24_doors,
          minmay_temple_entry_gardened_gates, lightli_sewer_entry_pipes,
          nrook_mini_backslash, minmay_ruffians, uniq_sigmund
D:7:      layout_basic, mainiacjoe_overflow_six_doors_small, serial_shops, shop,
          uniq_duvessa

Notes
Turn   | Place    | Note
-------+----------+-------------------------------------------
     0 | Abyss:1  | spiderkeys the Spriggan Abyssal Knight began the quest for
                  | the Orb.
     0 | Abyss:1  | Reached XP level 1. HP: 11/11 MP: 3/3
     0 | Abyss:1  | magus.rc [v1.11.3]
    12 | D:1      | You pass through the gate.
    12 | D:1      | Escaped the Abyss
   600 | D:1      | HP: 1/11 [goblin/+0 club (3)]
   604 | D:1      | You pick up a book of Beasts and begin reading...
   604 | D:1      | You add the spells Summon Ice Beast, Summon Mana Viper and
                  | Monstrous Menagerie to your library.
   962 | D:1      | Reached skill level 2 in Invocations
   962 | D:1      | Reached XP level 2. HP: 16/16 MP: 4/4
  1654 | D:2      | Identified the +6 hunting sling of the Apocalypse {flame,
                  | rPois rF+ Int+3}
  1688 | D:2      | Reached XP level 3. HP: 19/19 MP: 5/5
  1689 | D:2      | Reached *** piety under Lugonu
  1690 | D:2      | Reached skill level 4 in Dodging
  1713 | D:2      | HP: 2/19 [gnoll/+0 flail (7)]
  2026 | D:2      | Reached skill level 1 in Slings
  2043 | D:2      | You fall into a shaft and drop 1 floor!
  2149 | D:3      | Found a hazy altar of Hepliaklqana.
  2198 | D:2      | Found an ancient bone altar of Kikubaaqudgha.
  2248 | D:2      | Reached skill level 3 in Fighting
  2248 | D:2      | Reached XP level 4. HP: 24/24 MP: 6/6
  2355 | D:2      | Reached skill level 2 in Slings
  2705 | D:2      | t - a +0 quick blade {rare}
  2992 | D:3      | Reached XP level 5. HP: 28/28 MP: 7/7
  3248 | D:3      | Found a radiant altar of Vehumet.
  3250 | D:3      | Noticed a charred statue
  3253 | D:3      | Killed a charred statue
  3354 | D:3      | Found a hide-covered altar of Uskayaw.
  3569 | D:3      | Reached skill level 5 in Dodging
  3580 | D:3      | Noticed a black bear
  3641 | D:3      | Killed a black bear
  3642 | D:3      | Reached skill level 3 in Slings
  3642 | D:3      | Reached XP level 6. HP: 16/33 MP: 8/8
  4143 | D:4      | Reached **** piety under Lugonu
  4144 | D:4      | Reached skill level 4 in Slings
  4328 | D:4      | Found a bloodstained altar of Trog.
  4379 | D:4      | Found a sand-covered staircase.
  4391 | Ossuary  | Entered an ossuary
  4431 | Ossuary  | Reached skill level 4 in Fighting
  4477 | Ossuary  | Reached skill level 6 in Dodging
  4521 | Ossuary  | Noticed a wraith
  4521 | Ossuary  | Noticed a flying skull
  4528 | Ossuary  | Noticed a flying skull
  4555 | Ossuary  | Noticed a flying skull
  4558 | Ossuary  | Noticed a flying skull
  4569 | Ossuary  | Reached XP level 7. HP: 37/37 MP: 9/9
  4611 | Ossuary  | Noticed a wraith
  4628 | Ossuary  | Killed a wraith
  4629 | Ossuary  | Reached skill level 5 in Slings
  4807 | Ossuary  | Noticed a wraith
  5017 | D:4      | Reached skill level 7 in Dodging
  5370 | D:4      | Reached skill level 5 in Fighting
  5370 | D:4      | Reached XP level 8. HP: 43/43 MP: 10/10
  5383 | D:4      | Reached skill level 6 in Slings
  6194 | D:4      | Found a sacrificial altar of Ru.
  6225 | D:5      | Entered Level 5 of the Dungeon
  6314 | D:5      | Reached skill level 8 in Dodging
  6344 | D:5      | Reached skill level 1 in Evocations
  6392 | D:5      | Found Ymeotost's Weapon Emporium.
  6821 | D:5      | Reached skill level 2 in Evocations
  6859 | D:5      | Reached skill level 3 in Invocations
  7019 | D:5      | Reached skill level 7 in Slings
  7311 | D:6      | Noticed Sigmund
  7314 | D:6      | Killed Sigmund
  7315 | D:6      | Reached skill level 3 in Evocations
  7347 | D:6      | Reached ***** piety under Lugonu
  7348 | D:6      | Reached XP level 9. HP: 39/48 MP: 12/12
  7432 | D:6      | Reached skill level 9 in Dodging
  7528 | D:6      | Reached skill level 4 in Invocations
  7528 | D:6      | Reached skill level 4 in Evocations
  7536 | D:6      | HP: 9/48 [orc priest/nerve-wracking pain (10)]
  7706 | D:6      | Found a glowing drain.
  7711 | Sewer    | Entered a sewer
  7888 | Sewer    | Reached skill level 6 in Fighting
  7961 | Sewer    | Found a viscous altar of Jiyva.
  8034 | D:6      | You pick up a book of Burglary and begin reading...
  8034 | D:6      | You add the spells Passwall, Ensorcelled Hibernation and
                  | Swiftness to your library.
  8136 | D:6      | Reached skill level 8 in Slings
  8204 | D:6      | You pick up a book of Necromancy and begin reading...
  8204 | D:6      | You add the spells Pain, Animate Skeleton and Vampiric
                  | Draining to your library.
  8283 | D:6      | Reached skill level 5 in Evocations
  8672 | D:5      | Reached skill level 5 in Invocations
  8804 | D:6      | Reached skill level 10 in Dodging
  8833 | D:6      | You pick up a book of Geomancy and begin reading...
  8833 | D:6      | You add the spells Sandblast and Stone Arrow to your
                  | library.
  8845 | D:6      | Learned a level 2 spell: Ensorcelled Hibernation
  8851 | D:6      | Found a burning altar of Makhleb.
  9006 | D:6      | Found a staircase to the Ecumenical Temple.
  9025 | D:6      | your +0 quick blade {rare} crackles with electricity.
  9025 | D:6      | t - a +0 quick blade of electrocution {rare}
  9170 | D:6      | your +0 quick blade of electrocution {rare} glows red for a
                  | moment.
  9171 | D:6      | your +1 quick blade of electrocution {rare} glows red for a
                  | moment.
  9218 | D:6      | t - a +2 quick blade of electrocution {rare}
  9218 | D:6      | a - a +2 quick blade of electrocution {rare}
  9329 | D:6      | Reached XP level 10. HP: 53/53 MP: 14/14
  9338 | D:6      | Reached skill level 1 in Spellcasting
  9446 | D:6      | You pick up a book of the Hunter and begin reading...
  9446 | D:6      | You add the spells Call Canine Familiar, Portal Projectile
                  | and Leda's Liquefaction to your library.
  9491 | D:6      | Reached skill level 1 in Hexes
  9604 | D:6      | Reached skill level 6 in Evocations
  9699 | D:7      | a - a +2 quick blade of electrocution (weapon) {rare}
  9717 | D:7      | HP: 8/53 [troll (14)]
  9717 | D:7      | HP: 1/53 [troll (7)]
  9717 | D:7      | Slain by a troll

Vanquished Creatures
  Sigmund (D:6)
  A wraith (Ossuary)
  3 humans (D:6)
  2 steam dragons
  2 water moccasins
  An ice beast (D:7)
  2 orc warriors (D:6)
  A black bear (D:3)
  3 phantoms
  A bullfrog (D:6)
  4 necrophages
  2 scorpions
  12 wights
  2 howler monkeys (D:6)
  5 hounds
  5 orc priests
  7 jellies
  2 gnoll shamans (D:6)
  2 iguanas
  5 orc wizards
  A statue (D:3)
  11 gnolls
  15 adders
  9 river rats
  2 shadow imps (D:6)
  A white imp (D:6)
  3 ufetubi (D:5)
  3 adder zombies (Ossuary)
  5 worms
  3 dart slugs
  22 orcs
  6 bats
  17 endoplasms
  5 giant cockroaches
  6 goblins
  6 hobgoblins
  6 jackals
  4 quokkas
  6 ball pythons
  5 frilled lizards
  2 hobgoblin skeletons (Ossuary)
  2 hobgoblin zombies (Ossuary)
  5 kobolds
  A kobold zombie (Ossuary)
  An orc skeleton (Ossuary)
  18 rats
228 creatures vanquished.

Vanquished Creatures (others)
  2 plants (D:6)
2 creatures vanquished.

Grand Total: 230 creatures vanquished

Table legend:
 A = Non-vault XP
 B = Vault XP
 C = Vault XP percentage of total XP
 D = Non-vault monster count
 E = Vault monster count
 F = Vault count percentage of total count
                 A         B        C        D         E       F
            +---------+---------+-------+---------+---------+-------
      Total |    3562 |    2353 |  39.8 |     147 |      81 |  35.5
            +---------+---------+-------+---------+---------+-------
        D:1 |      33 |       0 |   0.0 |      20 |       0 |   0.0
        D:2 |     141 |       0 |   0.0 |      21 |       0 |   0.0
        D:3 |      51 |     315 |  86.1 |      20 |       9 |  31.0
        D:4 |     702 |       0 |   0.0 |      23 |       0 |   0.0
        D:5 |     846 |       0 |   0.0 |      29 |       0 |   0.0
        D:6 |    1656 |    1258 |  43.2 |      33 |      24 |  42.1
        D:7 |     133 |       0 |   0.0 |       1 |       0 |   0.0
      Sewer |       0 |     330 | 100.0 |       0 |      35 | 100.0
    Ossuary |       0 |     450 | 100.0 |       0 |      13 | 100.0
            +---------+---------+-------+---------+---------+-------

Illustrated notes

Table legend:
 A = Kills in this place as a percentage of kills in entire the game.
 B = Kills by you in this place as a percentage of kills by you in the entire game.
 C = Kills by friends in this place as a percentage of kills by friends in the entire game.
 D = Other kills in this place as a percentage of other kills in the entire game.
 E = Experience gained in this place as a percentage of experience gained in the entire game.
 F = Experience gained in this place divided by the number of levels of this place that you have seen.
                   A       B       C       D       E      F
               +-------+-------+-------+-------+-------+----------------------
         Total | 100.0 | 100.0 |   N/A |   N/A | 100.0 | 591.5
       Dungeon |  78.9 |  78.9 |   N/A |   N/A |  86.8 | 733.6
         Sewer |  15.4 |  15.4 |   N/A |   N/A |   5.6 | 330.0
       Ossuary |   5.7 |   5.7 |   N/A |   N/A |   7.6 | 450.0
               +-------+-------+-------+-------+-------+----------------------

Table legend: (Time is in decaauts)
 A = Elapsed time spent in this place.
 B = Non-inter-level travel time spent in this place.
 C = Inter-level travel time spent in this place.
 D = Time resting spent in this place.
 E = Time spent auto-exploring this place.
 F = Levels seen in this place.
 G = Mean time per level.
                   A        B        C        D        E       F      G
               +--------+--------+--------+--------+--------+-----+--------+
         Total |   7539 |   7198 |    341 |   1692 |   4067 |  10 |  753.9 |
       Dungeon |   6850 |   6509 |    341 |   1433 |   3854 |   7 |  978.6 |
         Abyss |      7 |      7 |      0 |      0 |      3 |   1 |    7.0 |
         Sewer |    269 |    269 |      0 |     80 |     88 |   1 |  269.0 |
       Ossuary |    411 |    411 |      0 |    179 |    122 |   1 |  411.0 |
               +--------+--------+--------+--------+--------+-----+--------+

Top non-repeatable levels by time:
     D:1: 1569 daAuts
     D:6: 1462 daAuts
     D:3: 1149 daAuts
     D:5: 1011 daAuts
     D:4: 994 daAuts
     D:2: 649 daAuts
 Ossuary: 411 daAuts
   Sewer: 269 daAuts
     D:7: 13 daAuts
 Abyss:1: 7 daAuts
